cohdb
Replays
Latest Replays
All Replays
Popular Replays
Top Player Replays
Match Explorer
How It Works
Community
CoH3 Stats
Reddit
Sign in to upload your games and track your stats! →
Sign in with Steam
Match 42024065
Unlisted
Match 42024065
Overview
Messages
Build Orders
End
Construct Barracks
Riflemen Squad
Riflemen Squad
M1 Mortar Team
Construct Medical Station
Selects Heavy Weapons
Selects M2HB .50cal Heavy Machine Gun
Riflemen Squad
Construct Weapon Support Center
M1919 Machine Gun Team
Bazooka Squad
Infantry Support Center
Construct Motor Pool
Selects Rapid Reposition
M1919 Machine Gun Team
M1 Anti-tank Gun Team
Selects Bolstered Team Weapons
Selects Assault Carriers
M3 Assault Carrier
Selects Halftrack Strongpoints
M1 Anti-tank Gun Team
Advanced Logistics
Survival Training
Grenade Package
Selects Towed M5 3-inch Anti-tank Gun
Towed M5 3-inch Anti-tank Gun
Halftrack Strongpoints
Engineer Squad
-=48th*SmileMan=-
Asenar
Nukepapa
Dctore
0
0
Comments
sign in to comment!
No comments posted yet!